 Dungeon Crawl Stone Soup version 0.26-a0-649-gf8c6c3aab7 (webtiles) character file.

Game seed: 4396202204642660440

114282 flotson the Covert (level 16, -3/125 HPs)
             Began as a Gnoll Wanderer on Sept 27, 2020.
             Was an Elder of Fedhas.
             Slain by an alligator (13 damage)
             ... on level 3 of the Swamp.
             The game lasted 01:36:32 (37745 turns).

flotson the Covert (Gnoll Wanderer)                Turns: 37745, Time: 01:36:35

Health: -3/125     AC: 24    Str: 20    XL:     16   Next: 65%
Magic:  30/30      EV: 18    Int: 15    God:    Fedhas [****..]
Gold:   2290       SH:  0    Dex: 25    Spells: 16/36 levels left

rFire    + . .     SeeInvis .   s - +4 broad axe (pain)
rCold    . . .     Faith    .   y - +0 tower shield
rNeg     . . .     Spirit   .   F - +2 swamp dragon scales
rPois    +         Reflect  .   a - +0 helmet {Int+3}
rElec    .         Harm     .   t - +2 cloak "Elahic" {*Contam Dex+3}
rCorr    .         Rampage  +   m - +2 pair of gloves {Dex+3}
MR       +....                  h - +2 pair of boots {rampage}
Stlth    ++........             J - amulet of regeneration
HPRegen  0.70/turn              L - ring of wizardry
MPRegen  0.22/turn              V - ring of protection from fire

@: confused, lightly drained
A: distributed training, fangs 1, strong nose
a: Wall of Briars, Grow Ballistomycete, Overgrow, Renounce Religion


You were on level 3 of the Swamp.
You worshipped Fedhas.
Fedhas was greatly pleased with you.
You visited 4 branches of the dungeon, and saw 26 of its levels.
You also visited: Gauntlet.

You collected 3283 gold pieces.
You spent 993 gold pieces at shops.

Inventory:

Hand Weapons
 b - the +4 hand axe of Amis {antimagic, rN+ Dex+3 SInv}
   (You bought it in a shop on level 2 of the Orcish Mines)

   It reduces the magical energy of the wielder, and disrupts the spells and
   magical abilities of those hit.
   Natural abilities and divine invocations are not affected.
   It affects your dexterity (+3).
   It protects you from negative energy.
   It lets you see invisible.
 s - a +4 broad axe of pain (weapon)
Missiles
 r - 9 javelins (quivered)
 Q - 2 throwing nets
 S - 3 atropa-tipped darts
Armour
 a - a +0 helmet of intelligence (worn)
 h - a +2 pair of boots of rampaging (worn)
 m - a +2 pair of gloves of dexterity (worn)
 t - the +2 cloak "Elahic" (worn) {*Contam Dex+3}
   (You found it in a Gauntlet)

   It affects your dexterity (+3).
   It causes magical contamination when unequipped.
 y - a +0 tower shield (worn)
 F - +2 swamp dragon scales (worn)
Jewellery
 u - an uncursed ring of protection from magic
 C - an uncursed ring of resist corrosion
 H - an uncursed ring of poison resistance
 J - an amulet of regeneration (around neck)
 L - a ring of wizardry (left hand)
 V - a ring of protection from fire (right hand)
Wands
 o - a wand of polymorph (16)
 A - a wand of enslavement (7)
 U - a wand of digging (9)
 X - a wand of iceblast (7)
 Z - a wand of random effects (11)
Scrolls
 d - 10 scrolls of teleportation
 e - 2 scrolls of summoning {unknown}
 f - 4 scrolls of torment {unknown}
 k - 4 scrolls of identify
 l - 9 scrolls of remove curse
 n - 3 scrolls of magic mapping
 p - a scroll of silence {unknown}
 q - 4 scrolls of enchant armour {unknown}
 z - a scroll of fog {unknown}
 B - 2 scrolls of amnesia {unknown}
 I - 4 scrolls of vulnerability {unknown}
 N - 2 scrolls of blinking {unknown}
 R - 3 scrolls of immolation {unknown}
Potions
 c - 3 potions of curing
 g - 3 potions of lignification
 i - 7 potions of stabbing
 j - 2 potions of brilliance
 v - 5 potions of ambrosia
 w - 3 potions of berserk rage
 x - 5 potions of might
 D - 2 potions of haste
 K - 4 potions of mutation
 M - 2 potions of cancellation
 O - a potion of invisibility
 T - a potion of resistance
 W - 4 potions of flight
Miscellaneous
 E - a phantom mirror
 P - a condenser vane (2/2)
 Y - a lightning rod (3/4)


   Skills:
 + Level 11.2(10.8) Fighting
 + Level 10.9(10.6) Short Blades
 + Level 10.9(10.6) Long Blades
 + Level 10.9(10.6) Axes
 + Level 10.9(10.6) Maces & Flails
 + Level 10.9(10.6) Polearms
 + Level 10.9(10.6) Staves
 + Level 10.9(10.6) Slings
 + Level 10.9(10.6) Bows
 + Level 11.2(10.8) Crossbows
 + Level 10.9(10.6) Throwing
 + Level 11.7(11.4) Armour
 + Level 11.2(10.8) Dodging
 + Level 12.3(11.9) Stealth
 + Level 10.9(10.6) Shields
 + Level 11.7(11.4) Unarmed Combat
 + Level 10.9(10.6) Spellcasting
 + Level 9.3(8.9) Conjurations
 + Level 9.3(8.9) Hexes
 + Level 9.3(8.9) Summonings
 + Level 9.3(8.9) Necromancy
 + Level 9.3(8.9) Translocations
 + Level 9.3(8.9) Transmutations
 + Level 9.3(8.9) Fire Magic
 + Level 9.3(8.9) Ice Magic
 + Level 9.3(8.9) Air Magic
 + Level 9.3(8.9) Earth Magic
 + Level 9.3(8.9) Poison Magic
 + Level 11.8(11.4) Invocations
 + Level 10.9(10.6) Evocations


You had 16 spell levels left.
You knew the following spells:

 Your Spells              Type           Power        Failure   Level
a - Mephitic Cloud        Conj/Pois/Air  ####....     2%          3
b - Olgreb's Toxic Radia  Pois           ####....     9%          4
c - Ignite Poison         Fire/Tmut/Pois ####....     2%          3
d - Lesser Beckoning      Tloc           ####......   2%          3
e - Teleport Other        Tloc           ####....     2%          3
f - Passage of Golubria   Tloc           N/A          9%          4

Your spell library contained the following spells:

 Spells                   Type           Power        Failure   Level
 Animate Skeleton         Necr           ####..       1%          1
 Apportation              Tloc           ####..       1%          1
 Beastly Appendage        Tmut           ####..       1%          1
 Corona                   Hex            ####...      1%          1
 Magic Dart               Conj           ####         1%          1
 Sting                    Tmut/Pois      ####         1%          1
 Summon Small Mammal      Summ           ####         1%          1
 Blink                    Tloc           N/A          1%          2
 Call Imp                 Summ           ####....     1%          2
 Ensorcelled Hibernation  Hex/Ice        ####..       1%          2
 Poisonous Vapours        Pois/Air       ####..       1%          2
 Slow                     Hex            ####....     1%          2
 Wereblood                Tmut           ####....     1%          2
 Confusing Touch          Hex            ####....     2%          3
 Conjure Flame            Conj/Fire      ####....     2%          3
 Dazzling Flash           Conj/Hex       ####..       2%          3
 Gell's Gravitas          Tloc           ####......   2%          3
 Spider Form              Tmut/Pois      ####......   2%          3
 Tukima's Dance           Hex            ####....     2%          3
 Ice Form                 Ice/Tmut       ####....     9%          4
 Blade Hands              Tmut           ####......   24%         5
 Bolt of Magma            Conj/Fire/Erth ####......   24%         5
 Iskenderun's Battlesphe  Conj           ####....     24%         5
 Freezing Cloud           Conj/Ice/Air   ####......   77%         6
 Iron Shot                Conj/Erth      ####......   77%         6
 Orb of Destruction       Conj           ####......   99%         7
 Spellforged Servitor     Conj/Summ      ####......   99%         7


Dungeon Overview and Level Annotations

Branches:
Dungeon (15/15)            Temple (0/1) D:6            Lair (6/6) D:10
  Swamp (3/4) Lair:3        Snake (0/4) Lair:2        Slime (0/5) Lair:6
    Orc (2/2) D:9             Elf (0/3) Orc:2        Vaults (0/5) D:13
 Depths (0/5) D:15        Gauntlet (visited)

Altars:
Cheibriados
Elyvilon
Fedhas
Kikubaaqudgha
Makhleb
Nemelex Xobeh
Qazlal
Ru
Uskayaw
Vehumet
Xom
Yredelemnul
Zin
The Shining One
Beogh

Shops:
D:15 (   Orc:2 ([:*

Annotations:
D:6 dracfodder's ghost, novice GrIE
D:14 exclusion: ice statue, Josephine


Innate Abilities, Weirdness & Mutations

Your experience applies equally to all skills.
You have very sharp teeth.
Your uncanny sense of smell can sniff out nearby items.


Message History

You block the harpoon shot.
The alligator puts on a burst of speed!
The swamp worm fires a harpoon shot at you.
You block the harpoon shot. The alligator barely misses you.
The alligator closely misses you. The alligator bites you!
* * * LOW HITPOINT WARNING * * *
You block the alligator's attack.
You are confused.
You feel invigorated. The alligator misses you. The alligator tail-slaps you.
* * * LOW HITPOINT WARNING * * *
The alligator barely misses you. The alligator closely misses you.
Your shield and swamp dragon scales prevent you from hitting the alligator.
You slash the alligator!
The alligator writhes in agony.
The alligator bites you!
* * * LOW HITPOINT WARNING * * *
The alligator tail-slaps you.
* * * LOW HITPOINT WARNING * * *
The alligator bites you!
You die...
Fedhas appreciates your contribution to the ecosystem.

♣.≈≈.≈≈≈≈≈
♣♣♣♣≈.≈
♣♣≈≈≈≈≈≈≈≈.
♣≈≈..
♣≈≈≈≈≈≈≈≈..
♣≈≈♣♣
♣.§≈≈≈≈..♣♣
♣♣♣
♣§.≈....≈≈♣
♣≈.≈≈≈.≈≈≈≈
♣≈.w≈≈..≈≈≈
♣≈tt..≈≈...
♣≈@♣♣♣♣♣..♣
♣♣♣♣


You could see 2 alligators and a swamp worm.

Vanquished Creatures
  Saint Roka (Orc:2)
  Jorgrun (D:14)
  An orc warlord (Orc:2)
  A very ugly thing (Swamp:1)
  Nessos (D:14)
  A minotaur (Gauntlet)
  A fire dragon (Lair:5)
  Fannar (D:10)
  7 hydras
  Harold (D:10)
  4 vault guards (D:13)
  2 ghost crabs (Swamp:3)
  An ice dragon (Lair:6)
  A queen ant (Gauntlet)
  A two-headed ogre (D:14)
  4 alligators
  4 centaur warriors
  A deep troll earth mage (D:15)
  3 orc high priests (Orc:1)
  3 tengu warriors
  3 death yaks (Lair:4)
  Urug (D:10)
  4 sixfirhies (Gauntlet)
  5 swamp dragons
  7 orc knights
  4 harpies (D:14)
  2 deep elf magi
  2 lindwurms (Lair:6)
  4 orc sorcerers
  12 ugly things
  6 cyclopes
  2 wolf spiders
  3 black mambas (Lair:6)
  4 manticores
  A centaur zombie (D:13)
  Psyche (D:10)
  Maggie (D:7)
  2 gargoyles
  5 torpor snails (Lair:6)
  A guardian serpent (Lair:6)
  20 cane toads
  2 centaur skeletons (D:15)
  3 kobold demonologists
  2 efreet
  3 tengu conjurers (D:15)
  3 komodo dragons
  A meliai (shapeshifter) (D:15)
  2 trolls (shapeshifter)
  A meliai (D:12)
  A wolf spider simulacrum (D:15)
  A polar bear (Lair:5)
  6 trolls
  6 tyrant leeches
  6 bog bodies
  9 blink frogs
  10 slime creatures
  19 hornets
  10 hippogriffs
  2 shadows
  A redback (Lair:6)
  67 yaks
  2 tarantellas (shapeshifter) (D:14)
  3 wraiths
  4 spriggans
  A vampire (D:12)
  10 wyverns
  3 basilisks
  7 vampire mosquitoes
  6 insubstantial wisps (Swamp:1)
  Menkaure (D:7)
  11 wargs
  9 swamp worms
  5 soldier ants
  An acid dragon (D:15)
  16 water moccasins
  Duvessa (D:7)
  4 porcupines (Lair:2)
  6 swamp drakes
  4 ice beasts
  2 phantoms
  3 hornet zombies
  A necrophage (D:5)
  36 orc warriors
  2 black bears
  2 eyes of draining
  12 ogres
  7 centaurs
  7 crocodiles
  A big kobold (D:10)
  16 bullfrogs
  A gnoll sergeant (Orc:2)
  4 scorpions
  Dowan (D:7)
  15 wights
  An electric eel (Lair:3)
  5 howler monkeys
  A crimson imp (D:7)
  2 bullfrog zombies
  A gnoll shaman (Orc:1)
  3 jellies
  A wyvern simulacrum (D:14)
  22 orc priests
  6 hounds
  22 orc wizards
  3 bullfrog skeletons
  4 iguanas
  6 worker ants
  2 worker ant zombies
  17 gnolls
  12 adders
  3 shadow imps
  2 white imps (D:8)
  An ufetubus (D:6)
  2 oozes (D:1)
  An adder zombie (D:7)
  An adder skeleton (D:4)
  3 worms
  The ghost of TerrariaFan the Sneak, a weakling TrDe (D:5)
  4 dart slugs
  4 leopard geckos
  92 orcs
  3 ball pythons
  11 bats
  6 giant cockroaches
  11 goblins
  13 hobgoblins
  6 jackals
  26 kobolds
  2 quokkas (D:5)
  7 frilled lizards
  A giant cockroach zombie (D:5)
  3 leopard gecko skeletons
  A leopard gecko zombie (D:7)
  A quokka skeleton (D:9)
  8 rats
  5 ballistomycete spores
815 creatures vanquished.

Vanquished Creatures (collateral kills)
  A hydra (Swamp:1)
  A black mamba (Lair:6)
  2 cane toads
  2 wyverns (Lair:6)
  A vampire mosquito (Swamp:1)
  2 wargs
  2 water moccasins (Lair:6)
  An orc warrior (D:8)
  A bullfrog (Lair:1)
  An orc wizard (D:8)
  An orc (D:8)
  59 ballistomycete spores
74 creatures vanquished.

Vanquished Creatures (others)
  2 alligators
  2 oklob plants (Lair:5)
  A troll (D:14)
  A tyrant leech (Swamp:3)
  A swamp worm (Swamp:3)
  A water moccasin (Lair:5)
  A bullfrog (Lair:5)
  An orc wizard (D:10)
  A killer bee zombie (D:9)
  5 ballistomycete spores
  A bush (Lair:1)
  26 demonic plants (Gauntlet)
  58 fungi
  48 plants
  2 withered plants (D:5)
151 creatures vanquished.

Grand Total: 1040 creatures vanquished

Notes
Turn   | Place    | Note
-------+----------+-------------------------------------------
     0 | D:1      | flotson the Gnoll Wanderer began the quest for the Orb.
     0 | D:1      | flotson set off with the following items: a +2 dagger, a
                  | potion of berserk rage, a potion of curing, a scroll of
                  | teleportation, a +0 robe
     0 | D:1      | Reached XP level 1. HP: 17/17 MP: 1/1
   146 | D:1      | Reached XP level 2. HP: 19/23 MP: 2/2
   707 | D:1      | Reached XP level 3. HP: 28/28 MP: 3/3
  1384 | D:2      | Noticed a water elemental
  1386 | D:2      | Found a stormy altar of Qazlal.
  1388 | D:2      | Noticed an earth elemental
  1388 | D:2      | Noticed a fire elemental
  1388 | D:2      | Noticed an air elemental
  1417 | D:2      | Reached skill level 6 in Stealth
  1550 | D:2      | Reached skill level 1 in Invocations
  1761 | D:2      | Found a white marble altar of Elyvilon.
  1992 | D:3      | Reached skill level 1 in Short Blades
  1992 | D:3      | Reached skill level 1 in Long Blades
  1992 | D:3      | Reached skill level 1 in Axes
  1992 | D:3      | Reached skill level 1 in Maces & Flails
  1992 | D:3      | Reached skill level 1 in Polearms
  1992 | D:3      | Reached skill level 1 in Staves
  1992 | D:3      | Reached skill level 1 in Slings
  1992 | D:3      | Reached skill level 1 in Bows
  1992 | D:3      | Reached skill level 1 in Throwing
  1992 | D:3      | Reached skill level 1 in Shields
  1992 | D:3      | Reached skill level 1 in Spellcasting
  1992 | D:3      | Reached skill level 1 in Evocations
  2096 | D:3      | Reached XP level 4. HP: 34/34 MP: 5/5
  2287 | D:3      | Reached skill level 1 in Conjurations
  2287 | D:3      | Reached skill level 1 in Hexes
  2287 | D:3      | Reached skill level 1 in Summonings
  2287 | D:3      | Reached skill level 1 in Necromancy
  2287 | D:3      | Reached skill level 1 in Translocations
  2287 | D:3      | Reached skill level 1 in Transmutations
  2287 | D:3      | Reached skill level 1 in Fire Magic
  2287 | D:3      | Reached skill level 1 in Ice Magic
  2287 | D:3      | Reached skill level 1 in Air Magic
  2287 | D:3      | Reached skill level 1 in Earth Magic
  2287 | D:3      | Reached skill level 1 in Poison Magic
  2292 | D:3      | Reached XP level 5. HP: 31/40 MP: 6/6
  3301 | D:4      | Reached XP level 6. HP: 45/47 MP: 8/8
  3487 | D:4      | Reached skill level 5 in Armour
  3487 | D:4      | Reached skill level 5 in Unarmed Combat
  3577 | D:4      | Noticed a phantom
  3658 | D:4      | Killed a phantom
  3771 | D:4      | Reached XP level 7. HP: 51/52 MP: 10/10
  4150 | D:4      | Found a hide-covered altar of Uskayaw.
  4439 | D:5      | Entered Level 5 of the Dungeon
  4564 | D:5      | Found a radiant altar of Vehumet.
  4573 | D:5      | Found a blossoming altar of Fedhas.
  4573 | D:5      | Found an ancient bone altar of Kikubaaqudgha.
  4578 | D:5      | Became a worshipper of Fedhas Madash
  4796 | D:5      | Reached XP level 8. HP: 25/60 MP: 12/12
  5405 | D:5      | Found a runed translucent door.
  5411 | D:5      | Noticed TerrariaFan's ghost (weakling TrDe)
  5494 | D:5      | Killed TerrariaFan's ghost
  5688 | D:5      | Found a snail-covered altar of Cheibriados.
  5857 | D:5      | Reached * piety under Fedhas
  6182 | D:6      | Found a stormy altar of Qazlal.
  6213 | D:5      | Reached skill level 7 in Stealth
  6473 | D:6      | Found a white marble altar of Elyvilon.
  6487 | D:6      | Found a basalt altar of Yredelemnul.
  6525 | D:6      | Found a staircase to the Ecumenical Temple.
  6527 | D:6      | Noticed a hornet
  6535 | D:6      | Killed a hornet
  6535 | D:6      | Reached XP level 9. HP: 66/66 MP: 14/14
  7065 | D:7      | Noticed Maggie
  7102 | D:7      | Noticed Duvessa
  7102 | D:7      | Noticed Dowan
  7181 | D:7      | Found a glowing golden altar of the Shining One.
  7236 | D:7      | Noticed Menkaure
  7243 | D:7      | Killed Menkaure
  7243 | D:7      | Reached skill level 5 in Fighting
  7243 | D:7      | Reached skill level 5 in Crossbows
  7243 | D:7      | Reached skill level 5 in Dodging
  7245 | D:7      | Found a runed translucent gate.
  7245 | D:7      | Found a runed translucent gate.
  7246 | D:7      | Found a runed translucent gate.
  7247 | D:7      | Noticed dracfodder's ghost (novice GrIE)
  7250 | D:7      | Found a roughly hewn altar of Beogh.
  7399 | D:7      | Killed Dowan
  7474 | D:7      | Killed Duvessa
  7878 | D:7      | Found a shimmering altar of Xom.
  7879 | D:7      | Found a burning altar of Makhleb.
  7881 | D:7      | Reached ** piety under Fedhas
  7915 | D:7      | Killed Maggie
  7915 | D:7      | Reached skill level 5 in Invocations
  9403 | D:8      | Reached XP level 10. HP: 34/74 MP: 12/17
  9762 | D:8      | Found a sparkling altar of Nemelex Xobeh.
 10337 | D:8      | Reached skill level 5 in Short Blades
 10337 | D:8      | Reached skill level 5 in Long Blades
 10337 | D:8      | Reached skill level 5 in Axes
 10337 | D:8      | Reached skill level 5 in Maces & Flails
 10337 | D:8      | Reached skill level 5 in Polearms
 10337 | D:8      | Reached skill level 5 in Staves
 10337 | D:8      | Reached skill level 5 in Slings
 10337 | D:8      | Reached skill level 5 in Bows
 10337 | D:8      | Reached skill level 5 in Throwing
 10337 | D:8      | Reached skill level 5 in Shields
 10337 | D:8      | Reached skill level 5 in Spellcasting
 10337 | D:8      | Reached skill level 5 in Evocations
 10420 | D:8      | Reached *** piety under Fedhas
 10817 | D:9      | Reached skill level 8 in Stealth
 11009 | D:9      | Found a sacrificial altar of Ru.
 11226 | D:9      | HP: 2/76 [wight/+3 dagger (4)]
 11682 | D:9      | Found a staircase to the Orcish Mines.
 12281 | D:10     | Entered Level 10 of the Dungeon
 12288 | D:10     | Found a staircase to the Lair.
 12514 | D:10     | Noticed Harold
 12600 | D:10     | Noticed Fannar
 12612 | D:10     | Killed Fannar
 12967 | D:10     | Killed Harold
 12967 | D:10     | Reached XP level 11. HP: 44/83 MP: 14/19
 13190 | D:10     | Noticed Urug
 13202 | D:10     | Killed Urug
 13202 | D:10     | Reached skill level 5 in Conjurations
 13202 | D:10     | Reached skill level 5 in Hexes
 13202 | D:10     | Reached skill level 5 in Summonings
 13202 | D:10     | Reached skill level 5 in Necromancy
 13202 | D:10     | Reached skill level 5 in Translocations
 13202 | D:10     | Reached skill level 5 in Transmutations
 13202 | D:10     | Reached skill level 5 in Fire Magic
 13202 | D:10     | Reached skill level 5 in Ice Magic
 13202 | D:10     | Reached skill level 5 in Air Magic
 13202 | D:10     | Reached skill level 5 in Earth Magic
 13202 | D:10     | Reached skill level 5 in Poison Magic
 14051 | D:10     | Noticed Psyche
 14066 | D:10     | Killed Psyche
 14572 | Lair:1   | Entered Level 1 of the Lair of Beasts
 14588 | Lair:1   | Noticed a seven-headed hydra
 14629 | Lair:1   | Killed a seven-headed hydra
 15509 | Lair:1   | Reached skill level 9 in Stealth
 16075 | Lair:2   | Reached XP level 12. HP: 91/91 MP: 22/22
 16501 | Lair:2   | Found a staircase to the Snake Pit.
 16910 | Lair:3   | Found a staircase to the Swamp.
 17151 | Lair:3   | Noticed a five-headed hydra
 17161 | Lair:3   | Killed a five-headed hydra
 17342 | Lair:3   | Found the +0 sword of Power
 17509 | Lair:3   | Reached **** piety under Fedhas
 18641 | Lair:4   | Learned a level 3 spell: Mephitic Cloud
 18646 | Lair:4   | Learned a level 4 spell: Olgreb's Toxic Radiance
 18650 | Lair:4   | Learned a level 3 spell: Ignite Poison
 18963 | Lair:5   | Noticed a death yak
 19077 | Lair:5   | Noticed a death yak
 19097 | Lair:5   | Noticed a death yak
 19142 | Lair:4   | Killed a death yak
 19341 | Lair:4   | Killed a death yak
 19341 | Lair:4   | Reached XP level 13. HP: 42/99 MP: 24/24
 19704 | Lair:5   | Reached skill level 10 in Stealth
 20381 | Lair:5   | Noticed a fire dragon
 20399 | Lair:5   | Killed a fire dragon
 20757 | Lair:6   | Entered Level 6 of the Lair of Beasts
 21709 | Lair:6   | Found a staircase to the Slime Pits.
 22093 | Lair:6   | Found a runed translucent door.
 22093 | Lair:6   | Noticed an ice dragon
 22411 | Lair:6   | Paralysed by a hornet for 1 turns
 23451 | Lair:6   | Killed an ice dragon
 23739 | Orc:1    | Entered Level 1 of the Orcish Mines
 24075 | Orc:1    | Reached XP level 14. HP: 86/108 MP: 26/26
 24557 | Orc:2    | Entered Level 2 of the Orcish Mines
 24574 | Orc:1    | Reached skill level 10 in Armour
 24574 | Orc:1    | Reached skill level 10 in Unarmed Combat
 25191 | Orc:2    | Found Ulyen's Antique Weapon Shoppe.
 25202 | Orc:2    | Bought an encrusted hand axe for 248 gold pieces
 25202 | Orc:2    | Bought a runed broad axe for 217 gold pieces
 25213 | Orc:1    | Identified the +4 hand axe of Amis {antimagic, rN+ Dex+3
                  | SInv} (You bought it in a shop on level 2 of the Orcish
                  | Mines)
 25463 | Orc:2    | Found a staircase to the Elven Halls.
 25509 | Orc:2    | Noticed an orc warlord
 25519 | Orc:2    | Killed an orc warlord
 25929 | Orc:2    | Noticed Saint Roka
 25983 | Orc:2    | Killed Saint Roka
 25983 | Orc:2    | Reached skill level 10 in Invocations
 26435 | Orc:2    | Found Idghoyh Uxott's Antique Armour Emporium.
 26669 | Orc:1    | Reached skill level 11 in Stealth
 26919 | Orc:2    | Found Paqiabb's General Store.
 26923 | Orc:2    | Found Oghullal's Book Emporium.
 27458 | Orc:2    | Bought a shiny helmet for 240 gold pieces
 27463 | Orc:2    | Bought a faintly humming ring mail for 288 gold pieces
 27473 | Orc:2    | Identified the +2 ring mail of the Depths {Harm Int+2} (You
                  | bought it in a shop on level 2 of the Orcish Mines)
 28505 | D:11     | Found a gate leading to a gauntlet.
 28514 | Gauntlet | Entered a Gauntlet
 28514 | Gauntlet | Found a transporter.
 28514 | Gauntlet | Found a transporter.
 28514 | Gauntlet | Found a transporter.
 28515 | Gauntlet | Found a transporter.
 28516 | Gauntlet | Found a transporter.
 28519 | Gauntlet | Found a transporter.
 28525 | Gauntlet | Found a transporter.
 28527 | Gauntlet | Found a transporter.
 28528 | Gauntlet | Found a transporter.
 28530 | Gauntlet | Found a transporter.
 28539 | Gauntlet | Found a transporter.
 28539 | Gauntlet | Found a transporter.
 29295 | Gauntlet | Got an ichor-stained cloak
 29580 | Gauntlet | Identified the +2 cloak "Elahic" {*Contam Dex+3} (You found
                  | it in a Gauntlet)
 29611 | Gauntlet | Identified the +6 battleaxe "Puisuzy" {spect, *Drain rN+
                  | Str+2 Int+5}
 29611 | Gauntlet | Identified the +6 battleaxe "Puisuzy" {spect, *Drain rN+
                  | Str+2 Int+5}
 29945 | D:11     | Reached skill level 10 in Fighting
 29945 | D:11     | Reached skill level 10 in Crossbows
 29945 | D:11     | Reached skill level 10 in Dodging
 30224 | D:11     | Learned a level 3 spell: Lesser Beckoning
 30228 | D:11     | Learned a level 3 spell: Teleport Other
 30233 | D:11     | Learned a level 4 spell: Passage of Golubria
 30499 | D:12     | Reached XP level 15. HP: 111/115 MP: 28/28
 30830 | D:12     | Found a glowing silver altar of Zin.
 31116 | D:13     | Reached ***** piety under Fedhas
 31684 | D:13     | Found a gate to the Vaults.
 32260 | D:14     | Noticed Nessos
 32280 | D:14     | Killed Nessos
 32287 | D:14     | Reached skill level 10 in Short Blades
 32287 | D:14     | Reached skill level 10 in Long Blades
 32287 | D:14     | Reached skill level 10 in Axes
 32287 | D:14     | Reached skill level 10 in Maces & Flails
 32287 | D:14     | Reached skill level 10 in Polearms
 32287 | D:14     | Reached skill level 10 in Staves
 32287 | D:14     | Reached skill level 10 in Slings
 32287 | D:14     | Reached skill level 10 in Bows
 32287 | D:14     | Reached skill level 10 in Throwing
 32287 | D:14     | Reached skill level 10 in Shields
 32287 | D:14     | Reached skill level 10 in Spellcasting
 32287 | D:14     | Reached skill level 10 in Evocations
 32411 | D:14     | Noticed Jorgrun
 32441 | D:14     | Killed Jorgrun
 32721 | D:14     | Noticed Josephine
 33227 | D:15     | Entered Level 15 of the Dungeon
 33275 | D:15     | Found a glowing golden altar of the Shining One.
 33304 | D:15     | Found a runed translucent door.
 33494 | D:15     | Found Bigyap Ello's Antique Weapon Shop.
 33953 | D:15     | Reached XP level 16. HP: 124/124 MP: 30/30
 33989 | D:15     | Found a staircase to the Depths.
 34020 | D:15     | Got a heavy robe
 34031 | D:15     | Identified the +2 robe "Ziufipne" {Rampage rN+ Regen+
                  | Dex+2} (You found it on level 15 of the Dungeon)
 34182 | D:15     | Identified the +1 robe "Jazann" {Str+6}
 35112 | Swamp:1  | Entered Level 1 of the Swamp
 35119 | Swamp:1  | Reached skill level 12 in Stealth
 37142 | Swamp:2  | Noticed a thorn hunter
 37745 | Swamp:3  | Slain by an alligator

Illustrated notes

Levels and vault maps discovered:
D:1:      elethiomel_arrival_quiet, layout_basic
D:2:      wander_river, layout_loops_ring, nicolae_qazlal_style_of_elements,
          elyvilon_altar_3
D:3:      layout_loops_ring, st_stairs_11, amethyst_killhole,
          minmay_close_crescents
D:4:      cheibrodos_helix_gallery, layout_cave_pools,
          eat_drink_and_be_merry_uskayaw
D:5:      layout_basic, grunt_temple_overflow_growth_and_decay,
          kennysheep_slug_shrine, ebering_ghost_reflecting_pool, basic_altar,
          minivault_24, minmay_pentangle
D:6:      layout_cave_pools, kennysheep_mini_moat, yredelemnul_altar_generic,
          minmay_temple_entry_proselytizer, basic_altar, lemuel_statue_altar
D:7:      layout_rooms, grunt_temple_overflow_champion_of_chaos,
          kennysheep_little_box, biasface_ghost_orc_armoury, uniq_menkaure,
          uniq_maggie, uniq_duvessa
D:8:      corexii_shantytown, layout_basic, nemelex_xobeh_ov_fountains_minmay
D:9:      layout_loops_ring, lemuel_crystal_altar, minmay_orc_entry_guard_dogs,
          lemuel_old_faithful
D:10:     layout_layer_cave, erik_lair_orcish_takeover, uniq_fannar, uniq_urug,
          uniq_psyche, uniq_harold
D:11:     layout_grid_maze, gauntlet_entry_generic
D:12:     layout_stronghold, basic_altar
D:13:     layout_cave_pools, lightli_vaults_fourway_checkpoint
D:14:     cheibrodos_frozen_isle, layout_basic, chequers_serial_rivers_micro_a,
          hangedman_aviary, uniq_jorgrun, uniq_nessos, uniq_josephine
D:15:     hangedman_depths_entry_try_elsewhere_first, layout_layer_cave,
          nicolae_tso_swordbearing_angel, serial_shops, shop_statue,
          lightli_airlock
Lair:1:   layout_roguey, grunt_megastairs_2
Lair:2:   layout_cave_pods, dummy_snake_entry, minivault_19,
          grunt_forest_small_clearings, st_stairs_6
Lair:3:   layout_hall_layers, swamp_mist_pool
Lair:4:   layout_roguey, infiniplex_staircase_pool
Lair:5:   dragon1_lemuel, layout_regular_city, grunt_megastairs_3,
          serial_bayou_shore_b, minmay_lair_oklob_chamber
Lair:6:   hangedman_lair_tendril_chambers, layout_hall_layers, wormcave,
          slime_dummy
Swamp:1:  layout_falls_marsh, hangedman_swamp_ruin_wall, swamp_pool3
Swamp:2:  layout_basic_swamp, nicolae_swamp_round_clearing,
          infiniplex_staircase_pool_2
Swamp:3:  layout_basic_swamp, evilmike_swamp_ruin_house_2
Orc:1:    layout_caves
Orc:2:    grunt_orc_gardens, layout_diamond_mine, grunt_orc_garden,
          grunt_orc_garden, grunt_orc_garden, grunt_orc_garden, uniq_saint_roka

Skill      XL: |  1  2  3  4  5  6  7  8  9 10 11 12 13 14 15 16 |
---------------+-------------------------------------------------+-----
Stealth        | 6 7 8 9 10 11 12 | 12.3
Invocations    | 1 2 3 4 5 6 7 8 9 10 11 | 11.8
Short Blades   | 1 2 3 4 5 6 7 8 9 10 | 10.9
Long Blades    | 1 2 3 4 5 6 7 8 9 10 | 10.9
Axes           | 1 2 3 4 5 6 7 8 9 10 | 10.9
Maces & Flails | 1 2 3 4 5 6 7 8 9 10 | 10.9
Polearms       | 1 2 3 4 5 6 7 8 9 10 | 10.9
Staves         | 1 2 3 4 5 6 7 8 9 10 | 10.9
Slings         | 1 2 3 4 5 6 7 8 9 10 | 10.9
Bows           | 1 2 3 4 5 6 7 8 9 10 | 10.9
Throwing       | 1 2 3 4 5 6 7 8 9 10 | 10.9
Shields        | 1 2 3 4 5 6 7 8 9 10 | 10.9
Spellcasting   | 1 2 3 4 5 6 7 8 9 10 | 10.9
Evocations     | 1 2 3 4 5 6 7 8 9 10 | 10.9
Conjurations   | 1 2 3 4 5 6 7 8 9 |  9.3
Hexes          | 1 2 3 4 5 6 7 8 9 |  9.3
Summonings     | 1 2 3 4 5 6 7 8 9 |  9.3
Necromancy     | 1 2 3 4 5 6 7 8 9 |  9.3
Translocations | 1 2 3 4 5 6 7 8 9 |  9.3
Transmutations | 1 2 3 4 5 6 7 8 9 |  9.3
Fire Magic     | 1 2 3 4 5 6 7 8 9 |  9.3
Ice Magic      | 1 2 3 4 5 6 7 8 9 |  9.3
Air Magic      | 1 2 3 4 5 6 7 8 9 |  9.3
Earth Magic    | 1 2 3 4 5 6 7 8 9 |  9.3
Poison Magic   | 1 2 3 4 5 6 7 8 9 |  9.3
Fighting       | 3 4 5 6 7 8 9 10 11 | 11.2
Crossbows      | 3 4 5 6 7 8 9 10 11 | 11.2
Dodging        | 3 4 5 6 7 8 9 10 11 | 11.2
Armour         | 5 6 7 8 9 10 11 | 11.7
Unarmed Combat | 5 6 7 8 9 10 11 | 11.7

Action                   |  1- 3 |  4- 6 |  7- 9 | 10-12 | 13-15 | 16-18 || total
-------------------------+-------+-------+-------+-------+-------+-------++-------
Melee: Dagger            |    97 |   186 |   531 |    79 |       |       ||   893
       Bite              |    11 |    35 |    84 |    63 |   173 |    63 ||   429
       Punch             |     1 |       |       |       |       |       ||     1
       Scimitar          |       |       |       |     6 |       |       ||     6
       Short sword       |       |       |       |   309 |       |       ||   309
       Great sword       |       |       |       |    66 |   239 |       ||   305
       Broad axe         |       |       |       |       |   725 |   390 ||  1115
 Fire: Hand crossbow     |       |       |    31 |   302 |       |       ||   333
Throw: Dart              |       |       |    18 |     8 |     1 |       ||    27
       Javelin           |       |       |     7 |    39 |    89 |    14 ||   149
 Cast: Ignite Poison     |       |       |       |     4 |    16 |     1 ||    21
       Olgreb's Toxic Ra |       |       |       |     3 |    14 |     2 ||    19
       Mephitic Cloud    |       |       |       |       |     7 |       ||     7
       Teleport Other    |       |       |       |       |       |     3 ||     3
Invok: Wall of Briars    |       |       |     2 |    14 |    17 |    24 ||    57
       Grow Ballistomyce |       |       |       |     6 |    13 |     1 ||    20
       Grow Oklob        |       |       |       |       |       |     1 ||     1
Evoke: Wand              |       |     2 |    10 |     1 |     7 |     4 ||    24
       Condenser vane    |       |       |       |       |     4 |       ||     4
       Lightning rod     |       |       |       |       |     4 |     1 ||     5
  Use: Scroll            |       |     1 |    10 |    10 |     8 |     3 ||    32
       Potion            |       |       |       |     3 |     7 |     2 ||    12
 Stab: Sleeping          |     5 |     4 |    14 |    16 |    13 |     7 ||    59
       Invisible         |       |       |     2 |       |     3 |       ||     5
       Distracted        |       |       |     1 |     1 |     3 |     5 ||    10
       Confused          |       |       |       |       |     2 |     5 ||     7
Armor: Robe              |     3 |    26 |    92 |       |       |       ||   121
       Leather armour    |     6 |       |       |       |       |       ||     6
       Ring mail         |    16 |    25 |       |       |       |       ||    41
       Swamp dragon scal |       |       |    17 |   215 |   396 |   170 ||   798
Dodge: Dodged            |    74 |    88 |   126 |   274 |   782 |   276 ||  1620
Block: Tower shield      |       |    79 |   351 |   410 |   800 |   483 ||  2123
       Rpst.: Great sword |       |       |       |    16 |    85 |       ||   101

Table legend: (Time is in decaauts)
 A = Elapsed time spent in this place.
 B = Non-inter-level travel time spent in this place.
 C = Inter-level travel time spent in this place.
 D = Time resting spent in this place.
 E = Time spent auto-exploring this place.
 F = Levels seen in this place.
 G = Mean time per level.
                   A        B        C        D        E       F      G
               +--------+--------+--------+--------+--------+-----+--------+
         Total |  38517 |  36384 |   2133 |   5107 |  23159 |  27 | 1426.6 |
       Dungeon |  21101 |  19821 |   1280 |   1932 |  13219 |  15 | 1406.7 |
          Lair |   9452 |   8976 |    476 |   1208 |   6315 |   6 | 1575.3 |
         Swamp |   2863 |   2599 |    264 |    322 |   1458 |   3 |  954.3 |
  Orcish Mines |   3946 |   3835 |    111 |   1031 |   1949 |   2 | 1973.0 |
      Gauntlet |   1153 |   1153 |      0 |    613 |    216 |   1 | 1153.0 |
               +--------+--------+--------+--------+--------+-----+--------+

Top non-repeatable levels by time:
  Lair:6: 2939 daAuts
    D:10: 2411 daAuts
     D:9: 2122 daAuts
     D:7: 2040 daAuts
   Orc:1: 1995 daAuts
     D:5: 1980 daAuts
   Orc:2: 1951 daAuts
    D:15: 1787 daAuts
     D:8: 1551 daAuts
  Lair:4: 1526 daAuts
 Swamp:1: 1395 daAuts
  Lair:5: 1387 daAuts
     D:3: 1274 daAuts
     D:4: 1243 daAuts
  Lair:1: 1221 daAuts
